[Event "Belgrade RAD 30"]
[Site "Belgrade"]
[Date "1977.01.28"]
[Round "11.6"]
[White "Weinstein, Norman"]
[Black "Rajkovic, Dusan"]
[Result "1-0"]
[ECO "B35"]
[WhiteElo "2475"]
[BlackElo "2495"]
[Annotator "Primel,D"]
[PlyCount "76"]
[EventDate "1977.01.15"]
[EventType "tourn"]
[EventRounds "13"]
[EventCountry "SRB"]
[EventCategory "9"]
[SourceTitle "EXT 2018"]
[Source "ChessBase"]
[SourceDate "2017.10.13"]
[SourceVersion "1"]
[SourceVersionDate "2017.10.13"]
[SourceQuality "1"]
[TimeControl "40/9000:16/5400:0"]

1. e4 c5 2. Nf3 Nc6 3. d4 cxd4 4. Nxd4 Nf6 5. Nc3 g6 6. Be3 Bg7 7. Bc4 Qa5 8.
O-O d6 9. h3 O-O 10. Bb3 Bd7 11. Re1 (11. f4) 11... Rac8 12. Qd2 (12. Nd5 Rfe8
13. Bd2) 12... Rfe8 13. Rad1 b5 (13... Ne5) 14. Nxc6 Bxc6 15. Bh6 Qc7 $6 16.
Bxg7 Kxg7 17. Nd5 $1 Bxd5 18. exd5 $16 a5 19. a4 (19.
a3 a4) 19... b4 20. Qf4 Qd7 21. Rd3 Qa7 22. Rf3 Rc5 $132
23. g4 h6 24. Qd2 Qb7 $2 (24... Rec8) 25. Rxf6 $1 Kxf6 26. Qd4+ e5 27. dxe6+
Kg5 28. Qe3+ Kf6 29. Qd4+ Kg5 30. Qxd6 $18 Qc7 31. Re5+ Kf6 32. Qxc7 Rxc7 33.
exf7 Rd8 34. Rxa5 Kg7 35. Rb5 Re7 36. Rxb4 g5 37. Rb5 Re2 38. a5 Rdd2 1-0

[Event "Sautron op 16th"]
[Site "Sautron"]
[Date "2016.10.22"]
[Round "7.5"]
[White "Bogdanov, Egor"]
[Black "Bedouin, Xavier"]
[Result "1-0"]
[ECO "B35"]
[WhiteElo "2400"]
[BlackElo "2353"]
[Annotator "RR"]
[PlyCount "117"]
[EventDate "2016.10.22"]
[EventType "swiss"]
[EventRounds "9"]
[EventCountry "FRA"]
[SourceTitle "EXT 2019"]
[Source "ChessBase"]
[SourceDate "2018.10.10"]
[SourceVersion "1"]
[SourceVersionDate "2018.10.10"]
[SourceQuality "1"]
[TimeControl "40/5400+30:1800+30"]

1. e4 c5 2. Nf3 g6 3. d4 cxd4 4. Nxd4 Nc6 5. Nc3 Bg7 6. Be3 Nf6 7. Bc4 O-O (
7... Qa5) 8. Bb3 d5 {Une ligne secondaire ambitieuse} (8... d6) (8... a5) 9.
exd5 Na5 10. Nf3 (10. Qf3 Nxb3 11. axb3 Bg4 12. Qg3 Bh5 13. d6 Ng4 14. O-O-O
Qa5 15. dxe7 Rfe8 16. Rde1 Rxe7 17. Kb1 Rae8 18. h3 Nxe3 19. fxe3 g5 20. b4 Qe5
21. Qxe5 Rxe5 22. e4 Bg6 23. Nf3 R5e7 24. Nxg5 Bxc3 25. bxc3 a5 26. bxa5 Re5
27. Nf3 Rb5+ 28. Kc1 Rxa5 29. e5 Rc5 30. Kd2 Rd5+ 31. Nd4 Rdxe5 32. Rxe5 Rxe5
33. Rb1 Rg5 34. g4 h5 35. gxh5 Rxh5 36. Rxb7 Rxh3 37. c4 Be4 38. Re7 f5 39. c5
Kf8 {Karjakin,S (2766)-Dubov,D (2655) Doha 2015 1-0}) 10... b6 11. Qd2 Bb7 (
11... Nxb3 12. axb3) 12. O-O-O Qc7 $146 (12... Rc8 13. Bd4 Qd7 14. Rhe1 Nxb3+
15. axb3 Rfd8 16. Qe2 Nxd5 17. Bxg7 Kxg7 18. Nxd5 Bxd5 19. Qxe7 Qxe7 20. Rxe7
Bxf3 21. gxf3 Re8 22. Re4 Red8 23. b4 Rxd1+ 24. Kxd1 b5 25. Kd2 Kf6 26. b3 Rb8
27. Kd3 h5 28. Ke3 Rb7 29. f4 Kf5 30. h3 f6 31. Rd4 Ke6 32. Ke4 f5+ 33. Kd3 Rb6
34. h4 Ra6 35. c4 Ra3 36. Kc2 Ra2+ 37. Kc3 Rxf2 38. c5 Rf1 39. Rd6+ Ke7 40.
Rxg6 Rxf4 41. Rg5 Rxh4 42. Rxf5 {Bergez,L (2368)-Gurevich,D (2317) Barbera del
Valles 2014 1/2-1/2}) 13. d6 $1 exd6 14. Qxd6 Qxd6 15. Rxd6 Ng4 $132 16. Bd5
Nxe3 17. fxe3 Bxc3 18. bxc3 Bxd5 19. Rxd5 Rac8 {Les Noirs ont une bonne finale}
(19... Nc4 $15) 20. Rd3 Rfe8 $15 21. Re1 Re4 $1 {[%csl Re1] Les Noirs ont un
bon avantage d'esapce} 22. Nd2 Ra4 23. Kb1 Rg4 24. g3 Nc4 25. Nxc4 Rgxc4 26.
Kb2 R8c7 (26... Kf8) (26... Kg7) 27. Rf1 R4c5 28. Rf4 Kg7 29. Rfd4 h5 30. a4
Kf6 $17 {[%csl Rb2] Le MI a plusieurs faiblesses à attaquer et il peut donc
jouer pour le gain.} 31. Kb3 Ke5 32. h4 a5 33. c4
R5c6 34. Rf4 Rd6 35. g4 {[%csl Rh4] Les Blancs tente de simplifier mais en
créant une nouvelle faiblesse avec le P isolé "h4"} hxg4 36. Rxg4 Rcc6 37.
Rgd4 Rf6 38. h5 $1 gxh5 39. Rd5+ Ke6 40. Rxh5 $132 Rf1 41. Rd4 Rb1+ $1 42. Kc3 Rb4 43. Re4+ Kd7 44. Rd5+ Kc7 45. Re7+ Kb8 46. Rd8+ Rc8 47.
Rxc8+ Kxc8 48. Rxf7 Rxa4 49. e4 $40 {[%csl Rc8,Gf7] La partie a basculé car
non seulement les Blancs ont gagné un P mais le K est coupé} Ra1 50. c5 bxc5
51. Kc4 Ra4+ 52. Kd5 Rd4+ 53. Kc6 $1 Kd8 54. e5 Ke8 $6
(54... c4 55. e6 Rd2 ) 55. Ra7 Rc4 56. Kd6 Rxc2 57. Ra8+ Kf7 58.
e6+ Kg7 59. e7 1-0